Unix NetHack Version 5.0.0-0 post-release - last build May 10 2026 23:12:36 (d1fa5d53e341ca933230fdaa984d921c805b60aa,branch:main).

Game began 2026-05-12 18:26:00, ended 2026-05-12 21:42:51.

Koku, neutral female gnomish Wizard

                                                                      ----
                                                                      |..|
                                                                      |..|
                                                                ----  |.------
                                                                |..|  |.| |..|
                                                                |..|  |.| |..|
                                                              ---..---|.| |.--
                                                         ---  |.^.....|.| |.|
                                                        --..---<-----...| |.|
                                                        |...|...|   |...| |.|
                                                        |.......|   --..--|.|
                                                        ----....|    |...||.|
                                                    ---- --....-|   --...|-.|
                                                    .B.| |..|...|   |....|..|
                                                     -@---.---..--- --.|...--
                                                     |.b....%.....|  ----.---
                                                     --...----....|     |...|
                                                      --.--  --.---     --.--
                                                       ---    ---        ---
Koku the Conjurer         St:12 Dx:12 Co:12 In:19 Wi:12 Ch:11  Neutral
Dlvl:4  $:54 HP:0(26) Pw:8(23) AC:9  Xp:3 T:1558 

Latest messages:
 In what direction? 8
 The spell hits the sewer rat!  You kill the sewer rat!
 You see here a sewer rat corpse.
 Tulip eats a sewer rat corpse.
 Where do you want to travel to?  (For instructions type a '?')
 You hear crashing rock.
 Really step onto that squeaky board? [yn] (n) n
 Really step onto that squeaky board? [yn] (n) y
 A board beneath you squeaks a B flat loudly.
 You feel tough!  You must have been leading a healthy life-style.
 You see here a red gem.
 y - a red gem.
 You hit the gecko!
 You miss the gecko.  The gecko bites!
 You kill the gecko!
 A little dart shoots out at you!  You are hit by a little dart.
 You hear crashing rock.
 Talk to whom? (in what direction) 6
 Really save? [yn] (n) y
 Saving...
 Restoring save file...
 Hello Koku, the gnomish Wizard, welcome back to NetHack!
 The bat bites!
 The bat bites!
 You die...
 Do you want your possessions identified? [ynq] (y) y
 Do you want to see your attributes? [ynq] (y) y
 Do you want an account of creatures vanquished? [ynaq] (y) y
 Do you want to see your conduct and achievements? [ynq] (y) y
 Do you want to see the dungeon overview? [ynq] (y) y

Inventory:
 Coins    ('$')
  $ - 54 gold pieces
 Weapons  (')')
  o - 2 blessed +0 orcish daggers
  a - a blessed +1 quarterstaff (weapon in hands)
 Armor    ('[')
  r - an uncursed +0 orcish helm
  p - a cursed -1 orcish helm
  w - a cursed -1 pair of levitation boots
  b - an uncursed +0 cloak of magic resistance (being worn)
 Comestibles  ('%')
  u - 3 uncursed slime molds
  q - 2 uncursed food rations
 Scrolls  ('?')
  t - an uncursed scroll of food detection
  i - an uncursed scroll of light
  j - an uncursed scroll of remove curse
 Spellbooks  ('+')
  l - a blessed spellbook of force bolt
  m - an uncursed spellbook of remove curse
 Potions  ('!')
  h - an uncursed potion of confusion
  g - an uncursed potion of fruit juice
 Rings    ('=')
  d - an uncursed ring of invisibility
  e - an uncursed ring of regeneration
 Wands    ('/')
  c - a wand of sleep (0:7)
 Tools    ('(')
  f - an uncursed brass lantern
  n - a magic marker (0:19)
 Gems/Stones  ('*')
  y - an uncursed worthless piece of red glass

Koku the Wizard's attributes:

Background:
 You were a Conjurer, a level 3 female gnomish Wizard.
 You were neutral, on a mission for Thoth
 who was opposed by Ptah (lawful) and Anhur (chaotic).
 You were right-handed.
 You were in the Gnomish Mines, on level 4.
 You entered the dungeon 1558 turns ago.
 You had 54 experience points, 26 more were needed to attain level 4.

Basics:
 You had 0 out of 26 hit points.
 You had 8 out of 23 energy points (spell power).
 Your armor class was 9.
 Your wallet contained 54 zorkmids.
 Autopickup was off.

Final Characteristics:
 Your strength was 12 (limit:18/50).
 Your dexterity was 12 (limit:18).
 Your constitution was 12 (limit:18).
 Your intelligence was 19 (limit:19).
 Your wisdom was 12 (limit:18).
 Your charisma was 11 (limit:18).

Final Status:
 You weren't hungry.
 You were unencumbered.
 You were wielding a quarterstaff.
 You had basic skill with quarterstaff.

Final Attributes:
 You were aligned.
 You were magic-protected.
 You had infravision.
 You were warded.
 You are dead.

Miscellaneous:
 You encountered 1 bones level.
 Total elapsed playing time was 10 minutes and 6 seconds.

Major events:
 Turn
    1: Koku the neutral female gnomish Wizard entered the dungeon
 1421: entered the Gnomish Mines
 1499: attained the rank of Conjurer (level 3)
 1558: killed by a bat

Spells:
 Name                 Level Category     Fail Retention
 force bolt             1   attack         0%  91%-100%
 remove curse           3   clerical      72%  76%-100%

Skills:
 Fighting Skills
   bare handed combat [Unskilled]
   riding             [Unskilled]
 Weapon Skills
   dagger             [Unskilled]
   knife              [Unskilled]
   axe                [Unskilled]
   short sword        [Unskilled]
   club               [Unskilled]
   mace               [Unskilled]
   quarterstaff       [Basic]
   polearms           [Unskilled]
   spear              [Unskilled]
   trident            [Unskilled]
   sling              [Unskilled]
   dart               [Unskilled]
   shuriken           [Unskilled]
 Spellcasting Skills
   attack spells      [Basic]
   healing spells     [Unskilled]
   divination spells  [Unskilled]
   enchantment spells [Basic]
   clerical spells    [Unskilled]
   escape spells      [Unskilled]
   matter spells      [Unskilled]

Voluntary challenges:
 Character rerolling was not enabled.
 You never genocided any monsters.
 You never polymorphed an object.
 You never changed form.
 You used no wishes.
Achievements:
 You entered a shop.
 You entered the Gnomish Mines.
 You attained the rank of Conjurer.

 The Dungeons of Doom: levels 1 to 4
    Level 1: "why is there ice?!"
    Level 2:
       A vegetarian food shop.
    Level 3:
       An altar to Thoth.
       Stairs down to The Gnomish Mines.
    Level 4:
       Final resting place for
          needler-Tou-Hum-Mal-Neu, killed by an elf zombie.
 The Gnomish Mines:
    Level 4: <- You were here.
       Final resting place for
          you, killed by a bat.


Vanquished creatures:
  a giant bat
  a gas spore
  2 giant rats
  a gecko
  6 jackals
  2 goblins
  7 sewer rats
  a grid bug
  4 lichens
  6 newts
31 creatures vanquished.

No species were genocided or became extinct.

Game over:
                       ----------
                      /          \
                     /    REST    \
                    /      IN      \
                   /     PEACE      \
                  /                  \
                  |       Koku       |
                  |      54 Au       |
                  | killed by a bat  |
                  |                  |
                  |                  |
                  |                  |
                  |       2026       |
                 *|     *  *  *      | *
        _________)/\\_//(\/(/\)/\//\/|_)_______

Goodbye Koku the Wizard...

You died in The Gnomish Mines on dungeon level 4 with 415 points,
and 54 pieces of gold, after 1558 moves.
You were level 3 with a maximum of 26 hit points when you died.

